 Dungeon Crawl Stone Soup version 0.23.2-30-g0e89c35 (webtiles) character file.

Game seed: 8601228398258294192

987 DarkinPup the Skirmisher (level 7, -8/56 HPs)
             Began as a Demonspawn Fighter on June 22, 2019.
             Mangled by Duvessa
             ... wielding a +0 short sword
              (9 damage)
             ... on level 5 of the Dungeon.
             The game lasted 00:07:43 (4013 turns).

DarkinPup the Skirmisher (Demonspawn Fighter)       Turns: 4013, Time: 00:07:44

Health: -8/56      AC: 13    Str: 18    XL:     7   Next: 97%
Magic:  7/7        EV: 10    Int: 10    God:
Gold:   241        SH:  9    Dex: 12    Spells: 6/6 levels left

rFire    . . .     SeeInvis .   a - +0 long sword
rCold    . . .     Gourm    .   c - +0 shield
rNeg     . . .     Faith    .   y - +1 ring mail {rPois}
rPois    +         Spirit   .   o - +0 helmet
rElec    .         Reflect  .   u - +0 cloak
rCorr    .         Harm     .   t - +0 pair of gloves
MR       .....                  m - +0 pair of boots
Stlth    +.........             (no amulet)
HPRegen  0.18/turn              (no ring)
MPRegen  0.10/turn              (no ring)

@: no status effects
A: iridescent scales 1, foul stench 1, spiny 1, rot immunity
a: no special abilities


You were on level 5 of the Dungeon.
You were not hungry.

You visited 1 branch of the dungeon, and saw 5 of its levels.

You collected 241 gold pieces.

Inventory:

Hand Weapons
 a - a +0 long sword (weapon)
Armour
 c - a +0 shield (worn)
 m - a +0 pair of boots (worn)
 o - a +0 helmet (worn)
 r - a +0 plate armour
 t - a +0 pair of gloves (worn)
 u - a +0 cloak (worn)
 y - a +1 ring mail of poison resistance (worn)
Scrolls
 h - 3 scrolls of remove curse
 i - 2 scrolls of enchant weapon {unknown}
 k - a scroll of enchant armour {unknown}
 l - 4 scrolls of teleportation
 n - a scroll of fear
 q - 2 scrolls of immolation
 w - a scroll of blinking {unknown}
 x - a scroll of noise
Potions
 d - a potion of might
 e - 4 potions of curing {unknown}
 g - a potion of degeneration {unknown}
 j - a potion of ambrosia {unknown}
 s - a potion of flight {unknown}
 v - a potion of agility {unknown}
Comestibles
 f - 4 rations


   Skills:
 + Level 5.4 Fighting
 + Level 4.5 Long Blades
 + Level 4.4 Armour
 + Level 3.9 Dodging
 - Level 3.3 Shields


You had 6 spell levels left.
You didn't know any spells.
Your spell library was empty.

Dungeon Overview and Level Annotations

Branches:
Dungeon (5/15)
 Temple: D:4-7

Altars:
Dithmenos
Makhleb
Ru
Zin

Annotations:
D:5 Duvessa


Innate Abilities, Weirdness & Mutations

You are partially covered in iridescent scales. (AC +2)
You may emit foul miasma when damaged in melee.
You are partially covered in sharp spines.
You are immune to rotting.


Message History

Duvessa is engulfed in dark miasma.
Duvessa looks even sicker.
Duvessa hits you with a +0 short sword.
* * * LOW HITPOINT WARNING * * *
You hit Duvessa.
Duvessa is heavily wounded.
Duvessa is engulfed in dark miasma.
Duvessa looks as sick as possible!
Duvessa hits you but does no damage.
Duvessa is engulfed in dark miasma.
Duvessa looks as sick as possible!
You block Duvessa's attack.
You hit Duvessa.
Duvessa is severely wounded.
Duvessa is engulfed in dark miasma.
Duvessa looks as sick as possible!
You block Duvessa's attack.
Duvessa is engulfed in dark miasma.
Duvessa looks as sick as possible!
Duvessa seems to slow down.
Duvessa hits you with a +0 short sword.
* * * LOW HITPOINT WARNING * * *
You barely miss Duvessa.
Duvessa is severely wounded.
Duvessa is engulfed in dark miasma.
Duvessa looks as sick as possible!
Duvessa hits you with a +0 short sword!
You die...

## ###+# +.. ....
#... ... #..# ..#
#..###..#
#.....).#
##....@..#
#.....e..# .
#........#
..########..##.###
.........#..##.##
.........'........
.........#........
.........#####.###
########.....#.#


You could see Duvessa (berserk).

Vanquished Creatures
  Grinder (D:3)
  Sigmund (D:2)
  An ogre (D:4)
  Blork the orc (D:5)
  2 scorpions (D:4)
  Dowan (D:5)
  A howler monkey (D:4)
  A hound (D:4)
  Natasha (thrice) (D:2)
  A worker ant (D:2)
  5 adders
  4 gnolls (D:3)
  An ooze (D:3)
  A worm (D:3)
  4 dart slugs
  2 leopard geckos (D:3)
  An orc (D:4)
  5 giant cockroaches
  9 goblins
  9 hobgoblins
  3 jackals (D:2)
  6 kobolds
  A ball python (D:2)
  10 bats
  7 frilled lizards
  9 rats
90 creatures vanquished.

Notes
Turn   | Place    | Note
-------+----------+-------------------------------------------
     0 | D:1      | DarkinPup the Demonspawn Fighter began the quest for the
                  | Orb.
     0 | D:1      | Reached XP level 1. HP: 18/18 MP: 1/1
    86 | D:1      | Gained mutation: You are partially covered in iridescent
                  | scales. (AC +2) [demonic ancestry]
    86 | D:1      | Reached XP level 2. HP: 22/24 MP: 2/2
   598 | D:2      | Reached skill level 1 in Dodging
   598 | D:2      | Reached XP level 3. HP: 28/29 MP: 3/3
   770 | D:2      | Noticed Natasha
   779 | D:2      | Killed Natasha
   779 | D:2      | Gained mutation: You are immune to rotting. [demonic
                  | ancestry]
   779 | D:2      | Reached XP level 4. HP: 11/36 MP: 4/4
   995 | D:2      | Noticed Sigmund
  1969 | D:2      | Noticed Natasha
  1983 | D:2      | Killed Natasha
  2027 | D:2      | Killed Sigmund
  2027 | D:2      | Reached skill level 4 in Fighting
  2027 | D:2      | Gained mutation: You are partially covered in sharp spines.
                  | [demonic ancestry]
  2027 | D:2      | Reached XP level 5. HP: 39/42 MP: 5/5
  2027 | D:2      | Gained mutation: You may emit foul miasma when damaged in
                  | melee. [demonic ancestry]
  2027 | D:2      | Reached XP level 6. HP: 44/48 MP: 6/6
  2083 | D:2      | Noticed Natasha
  2105 | D:2      | Killed Natasha
  2343 | D:3      | Found a shadowy altar of Dithmenos.
  2439 | D:3      | Noticed Grinder
  2474 | D:3      | Killed Grinder
  2474 | D:3      | Reached XP level 7. HP: 27/55 MP: 7/7
  2889 | D:3      | Noticed a green death
  2890 | D:3      | Found a burning altar of Makhleb.
  2894 | D:3      | Found a glowing silver altar of Zin.
  2894 | D:3      | Noticed an angel
  2937 | D:3      | Found a sacrificial altar of Ru.
  2995 | D:3      | Found a faded altar of an unknown god.
  3505 | D:4      | Reached skill level 5 in Fighting
  3980 | D:5      | Entered Level 5 of the Dungeon
  3992 | D:5      | Noticed Duvessa
  3992 | D:5      | Noticed Blork the orc
  3995 | D:5      | Noticed Dowan
  4001 | D:5      | Killed Blork the orc
  4005 | D:5      | Killed Dowan
  4012 | D:5      | HP: 1/56 [Duvessa/+0 short sword (3)]
  4013 | D:5      | Mangled by Duvessa

Skill      XL: |  1  2  3  4  5  6  7 |
---------------+----------------------+-----
Long Blades    | 2 3 4 |  4.5
Dodging        | 1 2 3 |  3.9
Armour         | 3 4 |  4.4
Shields        | 3 |  3.3
Fighting       | 4 5 |  5.4

Action                   |  1- 3 |  4- 6 |  7- 9 || total
-------------------------+-------+-------+-------++-------
Melee: Long sword        |    86 |   101 |    79 ||   266
       Unarmed           |       |    26 |       ||    26
  Use: Scroll            |       |       |     5 ||     5
  Eat: Chunk             |       |     5 |     3 ||     8
       Ration            |       |       |     1 ||     1
Armor: Scale mail        |    39 |    33 |       ||    72
       Plate armour      |       |     6 |     8 ||    14
       Ring mail         |       |       |    24 ||    24
Dodge: Dodged            |    28 |    44 |    22 ||    94
Block: Shield            |    43 |    44 |    47 ||   134
       Rpst.: Long sword |     8 |     7 |     6 ||    21
